 Dungeon Crawl Stone Soup version 0.30-a0-341-g682706514a (webtiles) character file.

Game seed: 6687405319078076607

334 JoshKwa the Trooper (level 6, -1/53 HPs)
             Began as a Draconian Fighter on Nov 2, 2022.
             Was a Follower of Uskayaw.
             Killed by nerve-wracking pain
             ... invoked by an orc priest
              (4 damage)
             ... on level 4 of the Dungeon.
             The game lasted 00:14:02 (2345 turns).

JoshKwa the Trooper (Draconian Fighter)             Turns: 2345, Time: 00:14:03

Health: -1/53      AC:  8    Str: 18    XL:     6   Next: 27%
Magic:  13/16      EV: 12    Int: 10    God:    Uskayaw [*.....]
Gold:   155        SH:  4    Dex: 11    Spells: 5/7 levels left

rFire   . . .      SeeInvis .    f - +2 dagger (drain)
rCold   . . .      Faith    .    b - +0 buckler
rNeg    . . .      Spirit   .    (body armour unavailable)
rPois   .          Reflect  .    (helmet restricted)
rElec   .          Harm     .    (no cloak)
rCorr   .          Rampage  .    (no gloves)
Will    .....                    m - +1 pair of boots
Stlth   +.........               e - amulet of the acrobat
HPRegen 0.28/turn                h - ring of magical power
MPRegen 0.15/turn                (no ring)

@: lethally poisoned (-1 -> -5), weak-willed
A: AC +6, unfitting armour, cold-blooded
a: Renounce Religion, Stomp


You were on level 4 of the Dungeon.
You worshipped Uskayaw.
Uskayaw was noncommittal.
You visited 1 branch of the dungeon, and saw 4 of its levels.

You collected 155 gold pieces.

Inventory:

Hand Weapons
 a - a +1 long sword
 f - a +2 dagger of draining (weapon)
Armour
 b - a +0 buckler (worn)
 m - a +1 pair of boots (worn)
Jewellery
 e - an amulet of the acrobat (around neck)
 h - a ring of magical power (left hand)
 j - an amulet of magic regeneration
Scrolls
 k - a scroll of enchant weapon


   Skills:
 + Level 4.4 Fighting
 + Level 1.7(2.7) Short Blades
 + Level 3.1(3.3) Long Blades
 + Level 3.9 Dodging
 + Level 1.0 Stealth
 + Level 3.8 Shields
 + Level 1.0 Spellcasting
 + Level 1.2 Fire Magic


You had 5 spell levels left.
You knew the following spells:

 Your Spells              Type           Power      Damage    Failure   Level
a - Scorch                Fire           4%         2d5       38%         2

Your spell library contained the following spells:

 Spells                   Type           Power      Damage    Failure   Level
 Flame Wave               Conj/Fire      1%         2d4       98%         4
 Summon Cactus Giant      Summ           0%         N/A       100%        6
 Chain Lightning          Conj/Air       0%         N/A       100%        9
 Fire Storm               Conj/Fire      0%         6d1       100%        9
 Shatter                  Erth           0%         3d5*      100%        9


Dungeon Overview and Level Annotations

Branches:
Dungeon (4/15)
 Temple: D:4-7

Altars:
Makhleb
Uskayaw

Annotations:
D:4 Dowan, Duvessa


Innate Abilities, Weirdness & Mutations

Your plain brown scales are hard. (AC +6)
You cannot fit into any form of body armour.
You are cold-blooded and may be slowed by cold attacks.


Message History

The orc priest closely misses you. The orc completely misses you.
The orc priest mumbles some strange prayers to Beogh against you.
Beogh smites you!
* * * LOW HITPOINT WARNING * * *
The adder misses you.
As you read the scroll labelled FALYPS YDULYO, it crumbles to dust.
Magic quickly surges around you.
It was a scroll of vulnerability.
The adder barely misses you. The orc hits you but does no damage.
The adder bites you but does no damage.
As you read the scroll labelled EWARAG NINAQ, it crumbles to dust.
You hear a loud clanging noise!
It was a scroll of noise.
You hear a shout! x2
The orc priest hits you but does no damage.
The orc closely misses you. The orc hits you with a +0 hand axe.
* * * LOW HITPOINT WARNING * * *
Dowan, Brother of Duvessa comes into view.
He is wielding a +3 dagger of venom.
The orc priest barely misses you. The adder barely misses you.
As you read the scroll labelled IRCHIFR PUERCHERCH, it crumbles to dust.
It is a scroll of enchant armour.
Your +0 pair of boots glows green for a moment.
The adder bites you.
* * * LOW HITPOINT WARNING * * *
You are lethally poisoned!
The adder poisons you! You block the orc priest's attack.
The orc barely misses you.
The orc priest hits you but does no damage.
The orc misses you.
Dowan casts a spell.
Dowan blinks!
You stomp with the beat, sending a shockwave through the revellers around you!
The orc priest is moderately wounded. x2
The orc is heavily wounded.
The adder is heavily wounded.
The orc is heavily wounded.
You can no longer pass through a line of other dancers.
* * * LOW HITPOINT WARNING * * *
You feel sick. The adder barely misses you.
The orc priest calls down the wrath of Beogh upon you.
Pain shoots through your body!
You die...

>...............
..e..ยง...........
#.................
#.................
#.................
#.................
#......)wo......).
#.......ooS.......
#......eo@o.......
#......................
###.........................
...........................#
#####........................#
#............................#
#............................. #
#............................#
#.#...........................>#


You could see Duvessa (weak-willed), Dowan, a worm (weak-willed), 3 orc priests,
an adder (weak-willed) and 2 orcs.

Vanquished Creatures
  An ogre (D:3)
  A howler monkey (D:4)
  A hound (D:4)
  2 orc wizards (D:4)
  4 adders
  An ufetubus (D:4)
  A dart slug (D:2)
  12 orcs
  5 ball pythons
  6 bats
  4 endoplasms
  2 giant cockroaches
  9 goblins
  10 hobgoblins
  2 kobolds
  6 quokkas
  4 frilled lizards
  6 rats
77 creatures vanquished.

Notes
Turn   | Place    | Note
-------+----------+-------------------------------------------
     0 | D:1      | JoshKwa the Draconian Fighter began the quest for the Orb.
     0 | D:1      | Reached XP level 1. HP: 19/19 MP: 1/1
   169 | D:1      | Reached XP level 2. HP: 25/26 MP: 2/2
   368 | D:1      | Reached XP level 3. HP: 24/33 MP: 3/3
   372 | D:1      | Learned a level 2 spell: Scorch
  1148 | D:3      | Reached skill level 4 in Fighting
  1148 | D:3      | Reached XP level 4. HP: 40/40 MP: 4/4
  1229 | D:3      | Noticed an ogre
  1235 | D:3      | Killed an ogre
  1236 | D:3      | Reached XP level 5. HP: 5/46 MP: 5/5
  1735 | D:3      | Found a burning altar of Makhleb.
  1767 | D:3      | Found a faded altar of an unknown god.
  1777 | D:3      | Prayed at the altar of an unknown god.
  1777 | D:3      | Became a worshipper of Uskayaw the Reveller
  1777 | D:3      | Reached * piety under Uskayaw
  1875 | D:4      | Reached ** piety under Uskayaw
  1882 | D:4      | Reached skill level 1 in Short Blades
  1882 | D:4      | Reached skill level 1 in Fire Magic
  2164 | D:4      | Reached skill level 1 in Spellcasting
  2164 | D:4      | Reached XP level 6. HP: 45/53 MP: 7/7
  2173 | D:4      | Reached *** piety under Uskayaw
  2176 | D:4      | Reached **** piety under Uskayaw
  2177 | D:4      | Reached skill level 1 in Stealth
  2333 | D:4      | Noticed Duvessa
  2343 | D:4      | Noticed Dowan
  2345 | D:4      | Killed from afar by an orc priest

Illustrated notes

Levels and vault maps discovered:
D:1:      ncdulo_wetmaze, layout_rooms
D:2:      layout_rooms, serial_co_window_serial, co_window_paths_a,
          co_window_paths_a, co_window_paths_b, co_window_paths_a,
          co_window_paths_a, co_window_cross_3, co_window_broadway_c,
          co_window_2corner, co_window_broadway_c, glass_columns_c,
          glass_columns_a, glass_columns_a, glass_columns_c, glass_columns_a
D:3:      layout_loops_ring, overflow_temple_1_default,
          nzn_hepliaklqana_mist_gate, chequers_ecumenical_altar_simple
D:4:      wad_crossroads, layout_basic, uniq_duvessa

Skill      XL: |  1  2  3  4  5  6 |
---------------+-------------------+-----
Dodging        | 3 |  3.9
Fighting       | 4 |  4.4
Long Blades    | 3 |  3.1
Short Blades   | 1 |  1.7
Fire Magic     | 1 |  1.2
Spellcasting   | 1 |  1.0
Stealth        | 1 |  1.0
Shields        | |  3.8

Action                   |  1- 3 |  4- 6 || total
-------------------------+-------+-------++-------
Melee: Long sword        |   114 |       ||   114
       Tailslap          |    11 |     9 ||    20
       Dagger            |    13 |   119 ||   132
 Cast: Scorch            |     3 |     2 ||     5
Invok: Stomp             |       |     1 ||     1
  Use: Potion            |     1 |     4 ||     5
       Scroll            |     2 |     7 ||     9
 Stab: Sleeping          |       |     1 ||     1
       Paralysed         |       |     1 ||     1
Armor: Skin              |    56 |    67 ||   123
Dodge: Dodged            |   127 |   123 ||   250
Block: Buckler           |    41 |    37 ||    78

Table legend: (Time is in decaauts)
 A = Elapsed time spent in this place.
 B = Non-inter-level travel time spent in this place.
 C = Inter-level travel time spent in this place.
 D = Time resting spent in this place.
 E = Time spent auto-exploring this place.
 F = Levels seen in this place.
 G = Mean time per level.
                   A        B        C        D        E       F      G
               +--------+--------+--------+--------+--------+-----+--------+
         Total |   2380 |   2106 |    274 |    102 |      0 |   4 |  595.0 |
       Dungeon |   2380 |   2106 |    274 |    102 |      0 |   4 |  595.0 |
               +--------+--------+--------+--------+--------+-----+--------+

Top non-repeatable levels by time:
     D:3: 734 daAuts
     D:2: 665 daAuts
     D:1: 502 daAuts
     D:4: 478 daAuts
